 Dungeon Crawl Stone Soup version 0.30.0-29-ga12c61a403 (webtiles) character file.

Game seed: 10465150976424871452

466 Ijustatesigmund the Stinger (level 7, -2/45 HPs)
             Began as an Octopode Venom Mage on June 15, 2023.
             Slain by a gnoll bouda
             ... wielding a +0 club
              (9 damage)
             ... on level 4 of the Dungeon.
             The game lasted 00:07:03 (4207 turns).

Ijustatesigmund the Stinger (Octopode Venom Mage)   Turns: 4207, Time: 00:07:04

Health: -2/45      AC:  1    Str:  8    XL:     7   Next: 8%
Magic:  12/12      EV: 13    Int: 19    God:
Gold:   186        SH:  0    Dex: 12    Spells: 3/13 levels left

rFire   . . .        b - +2 war axe (heavy)
rCold   . . .        (no shield)
rNeg    . . .        (helmet restricted)
rPois   .            (no amulet)
rElec   .            (no ring)
rCorr   .            (no ring)
SInv    .            (no ring)
Will    .....        (no ring)
Stlth   +++          (no ring)
HPRegen 0.27/turn    (no ring)
MPRegen 0.13/turn    (no ring)
                     (no ring)

%: no passive effects
@: no status effects
A: almost no armour, amphibious, 8 rings, camouflage 1, gelatinous body 1,
(nimble swimmer 1), tentacles
a: no special abilities


You were on level 4 of the Dungeon.
You visited 1 branch of the dungeon, and saw 4 of its levels.

You collected 186 gold pieces.

Inventory:

Hand Weapons
 b - a +2 heavy war axe (weapon)
 h - a +2 long sword
Armour
 d - a +1 kite shield
Jewellery
 j - a ring of fire
Scrolls
 e - a scroll of teleportation
 f - a scroll of identify
Potions
 a - 3 potions of magic
 c - a potion of flight
 i - a potion of mutation
 k - 2 potions of ambrosia


   Skills:
 - Level 2.3 Fighting
 + Level 1.3 Axes
 - Level 2.0 Dodging
 - Level 2.6 Stealth
 + Level 3.5 Spellcasting
 + Level 2.6 Conjurations
 - Level 1.0 Transmutations
 + Level 2.8 Air Magic
 + Level 5.3 Poison Magic


You had 3 spell levels left.
You knew the following spells:

 Your Spells              Type           Power      Damage    Failure   Level
a - Sting                 Tmut/Pois      60%        1d6       3%          1
b - Poisonous Vapours     Pois/Air       38%        N/A       4%          2
c - Mephitic Cloud        Conj/Pois/Air  17%        N/A       10%         3
d - Olgreb's Toxic Radia  Pois           23%        N/A       16%         4

Your spell library contained the following spells:

 Spells                   Type           Power      Damage    Failure   Level
 Necrotise                Necr           12%        1d4       14%         1
 Vampiric Draining        Necr           3%         2d6       41%         3
 Agony                    Necr           3%         N/A       99%         5


Dungeon Overview and Level Annotations

Branches:
Dungeon (4/15)
 Temple: D:4-7

Altars:
Dithmenos

Annotations:
D:2 1 runed translucent door, Crazy Yiuf


Innate Abilities, Weirdness & Mutations

You cannot wear most types of armour.
You are amphibious.
You can wear up to eight rings at the same time.
Your skin changes colour to match your surroundings (Stealth+).
Your rubbery body absorbs attacks. (AC +1, EV +1)
((You are camouflaged when in or above water. (Stealth+)))
You have tentacles for arms and can constrict up to eight enemies at once.


Message History

You completely miss the orc wizard. Your grab misses the orc wizard.
The orc wizard is severely wounded.
The orc wizard casts a spell at you. You resist with some effort.
A goblin comes into view. It is wielding a +0 club.
The orc wizard hits you with a +0 dagger.
The orc closely misses you. The orc hits you with a +0 whip.
You miss the orc wizard. Your grab misses the orc wizard.
You squeeze the orc wizard.
You kill the orc wizard!
You slash the orc!
You kill the orc!
You barely miss the orc. The orc hits you with a +0 whip.
* * * LOW HITPOINT WARNING * * *
The goblin misses you. The orc barely misses you.
The orc hits you with a +0 whip.
* * * LOW HITPOINT WARNING * * *
The goblin hits you with a +0 club.
* * * LOW HITPOINT WARNING * * *
You slash the orc!
You kill the orc!
You barely miss the goblin. The goblin hits you with a +0 club.
* * * LOW HITPOINT WARNING * * *
The goblin closely misses you.
A gnoll bouda comes into view. It is wielding a +0 club.
You closely miss the goblin. Your grab misses the goblin.
The goblin barely misses you. The goblin hits you with a +0 club.
* * * LOW HITPOINT WARNING * * *
Okay, then.
You are confused.
You feel invigorated. The gnoll bouda misses you. The goblin misses you.
You barely miss the gnoll bouda. Your squeeze misses the gnoll bouda.
You hit the goblin.
You feel less invigorated.
You feel less confused. The goblin barely misses you.
The gnoll bouda hits you with a +0 club!
* * * LOW HITPOINT WARNING * * *
The goblin closely misses you.
The gnoll bouda hits you with a +0 club!
You die...

###....#
#.......#
#....#.##
#########
....##....# ...#
##.#.# ... #.#.#
.. #.#.###
#.#...#
###..##(########
.......)@)......
######..gg####...
##...# ##...
##?.. ###.. .##
.#


You could see a gnoll bouda and a goblin.

Vanquished Creatures
  Menkaure (D:4)
  A black bear (D:3)
  A hound (D:3)
  An orc priest (D:4)
  An orc wizard (D:4)
  2 gnolls (D:4)
  8 adders
  2 worms
  4 dart slugs
  3 orcs
  4 endoplasms
  4 giant cockroaches
  5 goblins
  6 hobgoblins
  2 jackals (D:1)
  3 quokkas
  A ball python (D:3)
  5 bats
  4 frilled lizards
  5 kobolds
  6 rats
69 creatures vanquished.

Notes
Turn   | Place    | Note
-------+----------+-------------------------------------------
     0 | D:1      | Ijustatesigmund the Octopode Venom Mage began the quest for
                  | the Orb.
     0 | D:1      | Reached XP level 1. HP: 11/11 MP: 3/3
   704 | D:1      | Reached XP level 2. HP: 18/18 MP: 3/5
   707 | D:1      | Learned a level 2 spell: Poisonous Vapours
   884 | D:1      | Reached skill level 1 in Fighting
  1077 | D:1      | Reached skill level 4 in Poison Magic
  1247 | D:1      | Reached XP level 3. HP: 23/23 MP: 4/6
  1251 | D:1      | Learned a level 3 spell: Mephitic Cloud
  1481 | D:2      | Found a faded altar of an unknown god.
  1983 | D:2      | Reached skill level 1 in Air Magic
  2147 | D:2      | Reached XP level 4. HP: 22/28 MP: 4/7
  2493 | D:2      | Found a runed translucent door.
  2494 | D:2      | Noticed Crazy Yiuf
  2645 | D:3      | Identified the +3 dagger of Arheamod {antimagic, +Blink
                  | Str+3 Int+3}
  2709 | D:3      | Found a shadowy altar of Dithmenos.
  2856 | D:3      | Reached skill level 1 in Conjurations
  2859 | D:3      | Reached XP level 5. HP: 23/34 MP: 5/9
  2929 | D:3      | Noticed a black bear
  3097 | D:3      | Killed a black bear
  3375 | D:3      | Reached XP level 6. HP: 40/40 MP: 5/10
  3921 | D:4      | Learned a level 4 spell: Olgreb's Toxic Radiance
  3927 | D:4      | Reached skill level 5 in Poison Magic
  4102 | D:4      | Noticed Menkaure
  4107 | D:4      | Killed Menkaure
  4108 | D:4      | Reached skill level 1 in Axes
  4202 | D:4      | Reached XP level 7. HP: 24/45 MP: 8/12
  4205 | D:4      | HP: 2/45 [goblin/+0 club (5)]
  4207 | D:4      | Slain by a gnoll bouda

Illustrated notes

Levels and vault maps discovered:
D:1:      minmay_arrival_semitransparent, layout_basic
D:2:      layout_loops_ring, nicolae_ecumenical_pavilion,
          guppyfry_early_lair_pool, uniq_crazy_yiuf_cottage
D:3:      layout_rooms, amcnicky_altar_gilded, nicolae_half_adder
D:4:      layout_rooms, uniq_menkaure

Skill      XL: |  1  2  3  4  5  6 |
---------------+-------------------+-----
Fighting       | 1 2 |  2.3
Poison Magic   | 4 5 |  5.3
Air Magic      | 1 2 |  2.8
Conjurations   | 1 2 |  2.6
Spellcasting   | 3 |  3.5
Axes           | 1 |  1.3
Dodging        | |  2.0
Stealth        | |  2.6
Transmutations | |  1.0

Action                     |  1- 3 |  4- 6 |  7- 9 || total
---------------------------+-------+-------+-------++-------
  Melee: Unarmed           |    49 |       |       ||    49
         Constrict         |    18 |    17 |       ||    35
         Tentacles         |     8 |    15 |     1 ||    24
         Punch             |     1 |     2 |       ||     3
         Whip              |     4 |    32 |       ||    36
         Long sword        |       |    29 |       ||    29
         War axe           |       |    13 |     5 ||    18
   Cast: Sting             |    27 |     3 |       ||    30
         Poisonous Vapours |    14 |    17 |       ||    31
         Olgreb's Toxic Ra |       |     1 |       ||     1
    Use: Scroll            |       |    10 |       ||    10
         Potion            |       |     2 |     1 ||     3
   Stab: Sleeping          |       |     5 |       ||     5
 Armour: Skin              |     5 |     5 |       ||    10
  Dodge: Dodged            |    27 |    50 |     9 ||    86
